 Dungeon Crawl Stone Soup version 0.21.1-1-g345015f (webtiles) character file.

530701 sking99 the Omniscient (level 25, -1/197 HPs)
             Began as a Gnoll Wizard on June 27, 2018.
             Was the Champion of Ashenzari.
             Slain by an electric golem (7 damage)
             ... on level 5 of the Depths.
             The game lasted 06:16:23 (70343 turns).

sking99 the Omniscient (Gnoll Wizard)              Turns: 70343, Time: 06:16:24

Health: -1/197     AC: 38    Str: 15    XL:     25   Next: 62%
Magic:  6/44       EV: 24    Int: 35    God:    Ashenzari [******]
Gold:   2714       SH: 13    Dex: 29    Spells: 4/58 levels left

rFire    + + +     SeeInvis +   A - +3 Elemental Staff {rElec rF++ rC++ MR++ AC+5} (curse)
rCold    + . .     Gourm    .   N - +2 buckler of Hadjma {rCorr Str+5 Dex+9 Stlth-} (curse)
rNeg     . . .     Faith    .   M - +4 fire dragon scales (curse)
rPois    .         Spirit   .   b - +1 helmet {Int+3} (curse)
rElec    +         Reflect  .   p - +2 cloak {MR+} (curse)
rCorr    +         Harm     .   Z - +2 pair of gloves {Dex+3} (curse)
MR       +++++     Clarity  +   G - +2 pair of boots (curse)
Stlth    ++++......             Y - amulet of magic regeneration (curse)
HPRegen  0.42/turn              W - ring of the Mage {Wiz MR++ Int+3} (curse)
MPRegen  0.54/turn              C - ring of wizardry (curse)

@: very slightly contaminated, constricted, drained
A: distributed training, fangs 1, mutation resistance 1, screaming 1, subdued
magic 1, strong nose
}: 3/15 runes: serpentine, barnacled, silver
a: Curse Item, Scrying, Renounce Religion


You were on level 5 of the Depths.
You worshipped Ashenzari.
Ashenzari was exalted by your worship.
You were very hungry.

You visited 10 branches of the dungeon, and saw 45 of its levels.
You visited 1 bazaar.
You also visited: Labyrinth, Sewer, Bailey, Volcano and Desolation.

You collected 6259 gold pieces.
You spent 3545 gold pieces at shops.

Inventory:

Hand Weapons
 A - the cursed +3 Elemental Staff (weapon) {rElec rF++ rC++ MR++ AC+5}
   (You found it in the Desolation of Salt)

   It affects your AC (+5).
   It greatly protects you from fire.
   It greatly protects you from cold.
   It insulates you from electricity.
   It affects your resistance to hostile enchantments.
   It has a curse placed upon it.
Missiles
 F - 6 throwing nets (quivered)
Armour
 b - a cursed +1 helmet of intelligence (worn)
 p - a cursed +2 cloak of magic resistance (worn)
 G - a cursed +2 pair of boots (worn)
 M - cursed +4 fire dragon scales (worn)
 N - the cursed +2 buckler of Hadjma (worn) {rCorr Str+5 Dex+9 Stlth-}
   (You found it on level 3 of the Shoals)

   It affects your strength (+5).
   It affects your dexterity (+9).
   It protects you from acid and corrosion.
   It makes you less stealthy.
   It has a curse placed upon it.
 Z - a cursed +2 pair of gloves of dexterity (worn)
Jewellery
 C - a cursed ring of wizardry (right hand)
 W - the cursed ring of the Mage (left hand) {Wiz MR++ Int+3}
   (You bought it in a shop on level 2 of the Orcish Mines)

   [ring of wizardry]

   It improves your spell success rate.
   It affects your intelligence (+3).
   It affects your resistance to hostile enchantments.
   It has a curse placed upon it.
 Y - a cursed amulet of magic regeneration (around neck)
Wands
 c - a wand of acid (9)
 f - a wand of digging (29)
 i - a wand of polymorph (28)
 r - a wand of iceblast (38)
 v - a wand of enslavement (11)
 x - a wand of disintegration (28)
 D - a wand of flame (82)
 Q - a wand of paralysis (27)
Scrolls
 e - a scroll of fog
 j - 4 scrolls of immolation
 n - 15 scrolls of teleportation
 q - a scroll of amnesia
 s - 11 scrolls of remove curse
 H - 4 scrolls of summoning
 J - 8 scrolls of fear
 K - 3 scrolls of blinking
 R - a scroll of magic mapping
 S - a scroll of silence
 V - a scroll of enchant weapon
Potions
 a - 3 potions of ambrosia
 g - 7 potions of agility
 h - 13 potions of curing
 l - 8 potions of flight
 m - 8 potions of might
 o - 5 potions of magic
 t - 3 potions of mutation
 w - 7 potions of brilliance
 z - 4 potions of invisibility
 B - 4 potions of cancellation
 O - 5 potions of lignification
 P - 4 potions of resistance
 T - 7 potions of haste
 X - 2 potions of berserk rage
Books
 k - a book of Power

   Spells                             Type                      Level
   a - Iskenderun's Battlesphere      Conjuration/Charms           5
   b - Venom Bolt                     Conjuration/Poison           5
   c - Bolt of Magma                  Conjuration/Fire/Earth       5
   d - Iron Shot                      Conjuration/Earth            6
   e - Orb of Destruction             Conjuration                  7
   f - Spellforged Servitor           Conjuration/Summoning        7
 y - a book of Annihilations

   Spells                             Type                      Level
   a - Poison Arrow                   Conjuration/Poison           6
   b - Chain Lightning                Conjuration/Air              8
   c - Lehudib's Crystal Spear        Conjuration/Earth            8
   d - Glaciate                       Conjuration/Ice              9
   e - Fire Storm                     Conjuration/Fire             9
 E - a Necronomicon

   Spells                             Type                      Level
   a - Haunt                          Necromancy/Summoning         7
   b - Borgnjor's Revivification      Necromancy                   8
   c - Death's Door                   Charms/Necromancy            8
   d - Infestation                    Necromancy                   8
   e - Necromutation                  Transmutation/Necromancy     8
Miscellaneous
 u - 2 sacks of spiders
 I - 4 boxes of beasts
 L - a phantom mirror
 U - a crystal ball of energy
Comestibles
 d - 57 rations


   Skills:
 + Level 16.1(15.4) Fighting
 + Level 16.1(15.4) Short Blades
 + Level 16.1(15.4) Long Blades
 + Level 16.1(15.4) Axes
 + Level 16.1(15.4) Maces & Flails
 + Level 16.1(15.4) Polearms
 + Level 16.1(17.9) Staves
 + Level 16.1(15.4) Slings
 + Level 16.1(15.4) Bows
 + Level 16.1(15.4) Crossbows
 + Level 16.1(15.4) Throwing
 + Level 16.1(19.3) Armour
 + Level 16.6(19.7) Dodging
 + Level 16.5(15.8) Stealth
 + Level 16.1(17.9) Shields
 + Level 16.1(15.4) Unarmed Combat
 + Level 17.3(16.5) Spellcasting
 + Level 14.1(17.4) Conjurations
 + Level 13.9(17.3) Hexes
 + Level 13.9(17.3) Charms
 + Level 14.1(17.4) Summonings
 + Level 13.9(17.3) Necromancy
 + Level 14.1(17.4) Translocations
 + Level 13.9(17.3) Transmutations
 + Level 13.9(17.3) Fire Magic
 + Level 13.9(17.3) Ice Magic
 + Level 13.9(17.3) Air Magic
 + Level 13.9(17.3) Earth Magic
 + Level 13.9(17.3) Poison Magic
 + Level 17.4(16.7) Invocations
 + Level 16.1(20.5) Evocations


You had 4 spell levels left.
You knew the following spells:

 Your Spells              Type           Power        Failure   Level  Hunger
a - Iron Shot             Conj/Erth      #######...   1%          6    None
b - Blink                 Tloc           N/A          0%          2    None
c - Summon Forest         Summ/Tloc      #######...   1%          5    None
d - Summon Hydra          Summ           #######...   1%          7    ###....
e - Summon Lightning Spi  Summ/Air       #######.     0%          4    None
f - Mephitic Cloud        Conj/Pois/Air  #######.     0%          3    None
g - Conjure Flame         Conj/Fire      #######.     0%          3    None
h - Borgnjor's Vile Clut  Necr/Erth      #######...   1%          5    None
i - Summon Butterflies    Summ           #######.     0%          1    None
j - Invisibility          Hex            #######.     1%          6    None
k - Conjure Ball Lightni  Conj/Air       #######...   1%          6    None
l - Apportation           Tloc           ######       0%          1    None
m - Iskenderun's Battles  Conj/Chrm      #######.     1%          5    None


Dungeon Overview and Level Annotations

Branches:
Dungeon (15/15)            Temple (1/1) D:7            Lair (6/6) D:11
 Shoals (4/4) Lair:3        Snake (4/4) Lair:4        Slime (0/5) Lair:6
    Orc (2/2) D:11            Elf (2/3) Orc:2        Vaults (5/5) D:13
  Crypt (0/3) Vaults:3     Depths (5/5) D:15            Zot (1/5) Depths:5

Altars:
Ashenzari
Cheibriados
Dithmenos
Elyvilon
Fedhas
Gozag
Hepliaklqana
Kikubaaqudgha
Makhleb
Nemelex Xobeh
Okawaru
Qazlal
Ru
Sif Muna
Trog
Uskayaw
Vehumet
Wu Jian
Xom
Yredelemnul
Zin
The Shining One
Beogh
Jiyva

Shops:
Orc:2 *([=   Elf:1 =}}   Shoals:1 [   Snake:2 !   Vaults:2 :   Vaults:4 =
Depths:4 (

Portals:
Hell: Depths:1 Depths:2 Depths:3 Depths:4 Depths:5
Abyss: Depths:4 Depths:5
Pandemonium: Depths:3
Ziggurat: Depths:1
Trove: Elf:2 (give horn of Geryon)

Annotations:
Elf:2 3 runed doors


Innate Abilities, Weirdness & Mutations

Your experience applies equally to all skills.
You have very sharp teeth.
Your uncanny sense of smell can sniff out nearby items.
You are somewhat resistant to further mutation.
You occasionally shout uncontrollably at your foes.
Your spells are a little easier to cast, but a little less powerful.


Message History

The tentacled monstrosity is severely wounded.
The black draconian hits you but does no damage.
The tentacled monstrosity tentacle-slaps you but does no damage.
The tentacled monstrosity completely misses you.
The tentacled monstrosity tentacle-slaps you but does no damage.
* * * LOW HITPOINT WARNING * * *
The tentacled monstrosity constricts you!
The electric golem completely misses you.
The electric golem closely misses you. You block the electric golem's attack.
The electric golem barely misses you.
You hit the tentacled monstrosity but do no damage.
You electrocute the tentacled monstrosity.
The tentacled monstrosity is severely wounded.
The white draconian monk misses you. The white draconian monk kicks you!
* * * LOW HITPOINT WARNING * * *
The white draconian monk closely misses you.
The electric golem hits you!
* * * LOW HITPOINT WARNING * * *
The electric golem shocks you! You resist.
You die...

.....##...#...#####...#......#โ‰ˆ#%
..........##...###...##......#โ‰ˆ#.
.......######...#...######...#ยง#.
.......#.## ##.....## ##.#...#โ‰ˆ#.
.....(.'..## ##...## ##..'...####
.......#...## ##'## ##...#.......
.......##...###...###...##..#....
........##[..#.8.X.#...##........
........###..'..@..([(###........
#.......##...#.qd..#?..##.#).....
#......##...###(..###...###......
.......#...## ##)## ##.[[#.......
.......'..## ##...## ##.)'.......
.......#.## ##.....## ##.#)).....
.......######...#...######.......
..........##...###...##...[......
..........#...#####...##.........


You could see an electric golem, a tentacled monstrosity, a white draconian monk
and a black draconian.

Vanquished Creatures
  Mennas (Depths:2)
  A juggernaut (Depths:1)
  Bai Suzhen (Snake:4)
  6 caustic shrikes
  A golden dragon (Vaults:5)
  the Enchantress (Depths:5)
  A bone dragon (Depths:5)
  Jorgrun (Depths:5)
  4 tentacled monstrosities
  4 liches
  3 titans
  3 quicksilver dragons
  5 sphinxes (Depths:4)
  Agnes (Elf:1)
  5 storm dragons
  6 shadow dragons
  A tengu reaver (Vaults:4)
  Donald (Snake:2)
  A draconian monk (Zot:1)
  2 nagarajas (Snake:4)
  11 frost giants
  An iron dragon (Vaults:5)
  A draconian knight (Depths:5)
  5 imperial myrmidons (Desolation)
  2 deep elf elementalists
  12 vault wardens
  An orc warlord (Orc:2)
  6 fire giants
  Aizul (Snake:4)
  A draconian shifter (Zot:1)
  2 draconian annihilators (Depths:5)
  13 ironheart preservers
  3 spriggan defenders (Depths:5)
  2 war gargoyles
  26 stone giants
  16 very ugly things
  A deep elf demonologist (Vaults:4)
  3 vampire knights
  An entropy weaver (Vaults:2)
  2 halazid warlocks (Desolation)
  2 black draconians (Depths:5)
  A red draconian (Zot:1)
  A deep elf annihilator (Vaults:5)
  2 spark wasps
  2 purple draconians (Depths:5)
  2 white draconians (Depths:5)
  Snorg (D:12)
  A crystal guardian (Vaults:5)
  5 ettins
  2 merfolk javelineers (Shoals:4)
  3 ragged hierophants (Desolation)
  15 fire dragons
  3 deep elf high priests
  A minotaur (Lab)
  9 ice dragons
  19 yaktaur captains
  Harold (D:12)
  Josephine (Lair:6)
  5 servants of whispers (Desolation)
  The ghost of teukkam the Fighter, a novice TrMo of Ru (Lair:5)
  Fannar (D:11)
  10 great orbs of eyes
  3 spriggan air magi
  5 anacondas
  10 peacekeepers
  5 merfolk avatars
  42 vault guards
  5 hydras
  A catoblepas (Lair:6)
  4 merfolk aquamancers (Shoals:4)
  7 naga warriors
  4 rakshasas
  10 centaur warriors
  3 satyrs (Shoals:4)
  2 death knights
  26 two-headed ogres
  8 tengu warriors
  12 dancing weapons
  14 deep troll earth magi
  5 deep troll shamans
  15 death yaks
  10 ogre magi
  7 spriggan berserkers
  13 deep elf knights
  5 naga sharpshooters
  6 shock serpents
  3 salamander mystics
  A fire crab (Volcano)
  3 spriggans (Depths:5)
  A flayed ghost (Depths:4)
  2 shadow wraiths (Vaults:5)
  A sea snake (shapeshifter) (Vaults:5)
  7 skeletal warriors
  11 sea snakes
  2 unseen horrors
  7 wizards
  A naga ritualist (Snake:3)
  2 glowing orange brains
  25 deep trolls
  A sphinx zombie (Depths:1)
  3 lindwurms
  2 phantasmal warriors
  2 necromancers
  17 orc knights
  A lindwurm (shapeshifter) (Depths:1)
  13 harpies
  3 mana vipers
  14 deep elf archers
  A harpy (shapeshifter) (D:15)
  40 deep elf magi
  18 ironbrand convokers
  A fire giant zombie (Depths:1)
  73 ugly things
  4 oklob plants
  6 orc sorcerers
  A wolf spider (shapeshifter) (D:13)
  2 wolf spiders
  A frost giant zombie (Depths:1)
  13 fauns
  2 elephants (Lair:5)
  14 salamanders
  7 cyclopes
  A cyclops (shapeshifter) (Depths:2)
  A salamander (shapeshifter) (Vaults:3)
  2 guardian serpents
  18 manticores
  A moth of wrath (Depths:5)
  11 merfolk sirens
  A black mamba (shapeshifter) (D:15)
  5 water nymphs
  34 black mambas
  9 naga magi
  3 centaur zombies
  3 spiny frogs (shapeshifter)
  17 vault sentinels
  A torpor snail (Lair:5)
  23 spiny frogs
  2 rime drakes (shapeshifter)
  A rime drake (Lair:6)
  7 komodo dragons
  3 tengu conjurers
  42 yaktaurs
  7 freezing wraiths
  8 trolls
  2 polar bears
  5 tyrant leeches (Lair:6)
  3 hornets
  24 merfolk
  7 wind drakes
  A jumping spider (shapeshifter) (Vaults:1)
  24 blink frogs
  3 dream sheep (Shoals:3)
  6 snapping turtles
  A raiju (shapeshifter) (Vaults:3)
  24 slime creatures
  39 saltlings
  A fire giant simulacrum (Vaults:2)
  9 hippogriffs
  A dream sheep (shapeshifter) (Vaults:5)
  10 wraiths
  2 shadows
  4 air elementals
  2 fire elementals
  A vampire (D:15)
  33 yaks
  19 water elementals
  A wyvern (D:13)
  2 steam dragons
  4 basilisks
  A human (shapeshifter) (Vaults:3)
  A hungry ghost (D:12)
  10 vampire mosquitoes
  A yaktaur simulacrum (Vaults:1)
  28 nagas
  6 wargs
  A soldier ant (shapeshifter) (D:15)
  A floating eye (Depths:1)
  A soldier ant (D:12)
  An acid dragon (Vaults:2)
  7 hell hounds
  7 porcupines
  9 water moccasins
  2 black bears
  A black bear (shapeshifter) (Elf:1)
  38 orc warriors
  2 sky beasts
  3 ice beasts
  A sky beast (shapeshifter) (D:15)
  3 elephant zombies (Lair:4)
  A phantom (D:9)
  A hornet zombie (D:9)
  27 ogres
  4 boggarts (D:14)
  8 centaurs
  6 necrophages
  9 wolves
  10 crocodiles
  4 big kobolds
  A bullfrog (shapeshifter) (Vaults:5)
  An earth elemental (Elf:1)
  30 bullfrogs
  A gnoll sergeant (D:7)
  Blork the orc (Orc:2)
  3 wyvern zombies (D:9)
  A human simulacrum (Vaults:2)
  15 killer bees
  6 scorpions
  A howler monkey (D:4)
  13 wights
  5 electric eels (Lair:4)
  11 crimson imps
  A bullfrog zombie (D:9)
  A quasit (Depths:3)
  4 jellies
  33 orc wizards
  A basilisk zombie (Lair:4)
  5 hounds
  Crazy Yiuf (D:7)
  14 orc priests
  A bullfrog skeleton (D:12)
  5 centaur skeletons
  An iron imp (Depths:2)
  5 worker ants
  A killer bee zombie (D:9)
  A crocodile zombie (Lair:4)
  A hound skeleton (D:5)
  2 worker ant zombies
  10 gnolls
  A river rat (D:3)
  12 adders
  5 shadow imps
  An ooze (Sewer)
  2 adder skeletons
  6 worms
  A worm (shapeshifter) (Vaults:5)
  2 dart slugs
  8 leopard geckos
  112 orcs
  3 ball pythons
  7 giant cockroaches
  6 goblins
  8 hobgoblins
  5 jackals
  18 kobolds
  8 quokkas
  8 bats
  8 frilled lizards
  A leopard gecko zombie (D:6)
  9 rats
  3 fungi
  13 plants
1819 creatures vanquished.

Vanquished Creatures (collateral kills)
  An orb of fire (Zot:1)
  A tentacled monstrosity (Zot:1)
  2 shadow dragons
  4 nagarajas (Snake:4)
  2 fire giants
  4 vault wardens
  Ilsuiw (Shoals:4)
  A draconian shifter (Zot:1)
  A draconian annihilator (Zot:1)
  A merfolk javelineer (Shoals:4)
  A white draconian (Zot:1)
  A deep elf death mage (Vaults:5)
  5 ragged hierophants (Desolation)
  2 servants of whispers (Desolation)
  A yaktaur captain (Vaults:1)
  2 great orbs of eyes
  8 naga warriors
  A spriggan air mage (Depths:5)
  2 vault guards (Vaults:1)
  2 hydras (Depths:4)
  2 ice dragons
  A death knight (Vaults:1)
  A centaur warrior (Vaults:2)
  A merfolk aquamancer (Shoals:1)
  6 two-headed ogres
  An ogre mage (Vaults:1)
  A satyr (Shoals:4)
  An alligator snapping turtle (Shoals:4)
  A spriggan berserker (Depths:5)
  A death yak (Lair:4)
  A shock serpent (Snake:4)
  A deep troll shaman (Depths:5)
  An orc high priest (Orc:2)
  2 deep troll earth magi (Vaults:3)
  A deep elf knight (Vaults:1)
  7 naga sharpshooters
  4 skeletal warriors
  6 deep trolls
  9 naga ritualists
  A flayed ghost (Vaults:1)
  A sea snake (Shoals:1)
  2 glowing orange brains
  A ball lightning (Vaults:4)
  5 ironbrand convokers
  6 orc knights
  2 orc sorcerers
  3 cyclopes
  4 ugly things
  2 manticores (Shoals:4)
  3 deep elf magi (Vaults:1)
  3 oklob plants (Lair:6)
  3 fauns (Shoals:4)
  An elephant (Lair:5)
  2 vault sentinels (Vaults:1)
  6 black mambas
  A water nymph (Shoals:3)
  A guardian serpent (Desolation)
  12 naga magi
  2 spiny frogs
  A komodo dragon (shapeshifter) (Vaults:1)
  9 yaktaurs
  A rime drake (Lair:6)
  2 tengu conjurers
  12 merfolk
  A wind drake (Shoals:3)
  19 saltlings
  A blink frog (Lair:6)
  3 dream sheep (Shoals:3)
  2 snapping turtles (Shoals:4)
  4 slime creatures
  2 water elementals (Shoals:1)
  3 yaks
  13 nagas
  12 orc warriors
  A swamp drake (D:11)
  8 centaurs
  A wolf (Lair:5)
  A crocodile (Lair:6)
  3 bullfrogs
  3 wights (D:13)
  A quasit (D:14)
  A jelly (D:7)
  3 orc priests
  5 orc wizards
  An adder (shapeshifter) (Vaults:5)
  A shadow imp (D:6)
  25 orcs
  A giant cockroach (D:4)
  2 jackals (D:6)
  2 kobolds (Sewer)
  A bush (Lair:6)
  5 fungi
  10 plants
312 creatures vanquished.

Vanquished Creatures (others)
  A deep elf demonologist (Elf:1)
  A deep elf knight (Depths:5)
  A shadow wraith (Vaults:2)
  160 ball lightnings
  An orc priest (Orc:2)
  A centaur skeleton (D:12)
  An adder (D:12)
  7 bushes (D:9)
  12 fungi
  86 plants
  16 snaplasher vines
287 creatures vanquished.

Grand Total: 2418 creatures vanquished

Notes
Turn   | Place    | Note
-------+----------+-------------------------------------------
     0 | D:1      | sking99 the Gnoll Wizard began the quest for the Orb.
     0 | D:1      | Reached XP level 1. HP: 13/13 MP: 8/8
   170 | D:1      | Reached XP level 2. HP: 19/19 MP: 3/10
   186 | D:1      | Learned a level 2 spell: Blink
   189 | D:1      | Learned a level 2 spell: Call Imp
   619 | D:1      | Reached XP level 3. HP: 25/25 MP: 4/11
   679 | D:1      | Learned a level 3 spell: Conjure Flame
   683 | D:1      | Learned a level 3 spell: Mephitic Cloud
  1195 | D:2      | Reached skill level 1 in Invocations
  1665 | D:2      | Reached skill level 1 in Fighting
  1665 | D:2      | Reached skill level 1 in Short Blades
  1665 | D:2      | Reached skill level 1 in Long Blades
  1665 | D:2      | Reached skill level 1 in Axes
  1665 | D:2      | Reached skill level 1 in Maces & Flails
  1665 | D:2      | Reached skill level 1 in Polearms
  1665 | D:2      | Reached skill level 1 in Staves
  1665 | D:2      | Reached skill level 1 in Slings
  1665 | D:2      | Reached skill level 1 in Bows
  1665 | D:2      | Reached skill level 1 in Crossbows
  1665 | D:2      | Reached skill level 1 in Throwing
  1665 | D:2      | Reached skill level 1 in Armour
  1665 | D:2      | Reached skill level 1 in Shields
  1665 | D:2      | Reached skill level 1 in Unarmed Combat
  1665 | D:2      | Reached skill level 1 in Evocations
  1710 | D:2      | Reached XP level 4. HP: 32/32 MP: 9/13
  2467 | D:3      | Found a glowing drain.
  2487 | D:3      | Reached skill level 1 in Hexes
  2487 | D:3      | Reached skill level 1 in Charms
  2487 | D:3      | Reached skill level 1 in Necromancy
  2487 | D:3      | Reached skill level 1 in Transmutations
  2487 | D:3      | Reached skill level 1 in Fire Magic
  2487 | D:3      | Reached skill level 1 in Ice Magic
  2487 | D:3      | Reached skill level 1 in Air Magic
  2487 | D:3      | Reached skill level 1 in Earth Magic
  2487 | D:3      | Reached skill level 1 in Poison Magic
  2504 | Sewer    | Entered a sewer
  2689 | Sewer    | Noticed a big kobold
  2712 | Sewer    | Killed a big kobold
  2712 | Sewer    | Reached XP level 5. HP: 28/37 MP: 1/14
  2846 | Sewer    | Noticed a big kobold
  2891 | Sewer    | Killed a big kobold
  2891 | Sewer    | Reached XP level 6. HP: 4/44 MP: 1/16
  3261 | Sewer    | Reached skill level 5 in Dodging
  3776 | D:3      | Reached XP level 7. HP: 40/50 MP: 10/18
  5158 | D:4      | Reached skill level 5 in Stealth
  5624 | D:5      | Entered Level 5 of the Dungeon
  5701 | D:5      | Reached XP level 8. HP: 57/57 MP: 11/19
  7953 | D:6      | Reached XP level 9. HP: 41/65 MP: 11/21
  8150 | D:6      | Found a shattered altar of Ashenzari.
  8151 | D:6      | Found a burning altar of Makhleb.
  8155 | D:6      | Found a white marble altar of Elyvilon.
  8168 | D:6      | Became a worshipper of Ashenzari the Shackled
  8870 | D:7      | Found a runed door.
  9498 | D:7      | Got the scimitar "Hoceuxka" {slice, rPois rC+ Int+3}
  9499 | D:7      | Identified the +7 scimitar "Hoceuxka" {slice, rPois rC+ Int+3} (You took it off a crimson imp on level 7 of the Dungeon)
  9544 | D:7      | Found a staircase to the Ecumenical Temple.
  9552 | Temple   | Entered the Ecumenical Temple
  9802 | D:7      | Found an iron altar of Okawaru.
 10365 | D:7      | Noticed Crazy Yiuf
 10370 | D:7      | Killed Crazy Yiuf
 10843 | D:8      | Reached skill level 5 in Invocations
 11355 | D:8      | Reached XP level 10. HP: 59/73 MP: 21/22
 11711 | D:8      | Identified the Incunabulum of the Snail
 11803 | D:8      | Learned a level 4 spell: Throw Icicle
 11809 | D:8      | Learned a level 5 spell: Summon Forest
 11815 | D:8      | Learned a level 5 spell: Borgnjor's Vile Clutch
 11995 | D:9      | Reached * piety under Ashenzari
 12137 | D:9      | Reached skill level 5 in Fighting
 12137 | D:9      | Reached skill level 5 in Short Blades
 12137 | D:9      | Reached skill level 5 in Long Blades
 12137 | D:9      | Reached skill level 5 in Axes
 12137 | D:9      | Reached skill level 5 in Maces & Flails
 12137 | D:9      | Reached skill level 5 in Polearms
 12137 | D:9      | Reached skill level 5 in Staves
 12137 | D:9      | Reached skill level 5 in Slings
 12137 | D:9      | Reached skill level 5 in Bows
 12137 | D:9      | Reached skill level 5 in Crossbows
 12137 | D:9      | Reached skill level 5 in Throwing
 12137 | D:9      | Reached skill level 5 in Armour
 12137 | D:9      | Reached skill level 5 in Shields
 12137 | D:9      | Reached skill level 5 in Unarmed Combat
 12137 | D:9      | Reached skill level 5 in Evocations
 12394 | D:9      | Noticed a purple ugly thing
 12399 | D:9      | Killed a purple ugly thing
 12988 | D:9      | Found an opulent altar of Gozag.
 13085 | D:9      | Reached skill level 5 in Conjurations
 13085 | D:9      | Reached skill level 5 in Summonings
 13085 | D:9      | Reached skill level 5 in Translocations
 13212 | D:9      | Found an ancient bone altar of Kikubaaqudgha.
 13214 | D:9      | Found a shadowy altar of Dithmenos.
 13214 | D:9      | Found a basalt altar of Yredelemnul.
 13214 | D:9      | Found a sacrificial altar of Ru.
 13214 | D:9      | Found a hazy altar of Hepliaklqana.
 13214 | D:9      | Found a deep blue altar of Sif Muna.
 13215 | D:9      | Found an ornate altar of the Wu Jian Council.
 13219 | D:9      | Found a sparkling altar of Nemelex Xobeh.
 13224 | D:9      | Learned a level 1 spell: Apportation
 13226 | D:9      | Learned a level 1 spell: Summon Butterflies
 13381 | D:9      | Found a blossoming altar of Fedhas.
 13703 | D:10     | Entered Level 10 of the Dungeon
 14132 | D:10     | Reached XP level 11. HP: 80/81 MP: 17/24
 14328 | D:10     | Noticed a two-headed ogre
 14355 | D:10     | Killed a two-headed ogre
 14429 | D:10     | Reached ** piety under Ashenzari
 14552 | D:10     | Learned a level 4 spell: Summon Ice Beast
 14552 | D:10     | Noticed a two-headed ogre
 14563 | D:10     | Killed a two-headed ogre
 14920 | D:11     | Reached skill level 5 in Hexes
 14920 | D:11     | Reached skill level 5 in Charms
 14920 | D:11     | Reached skill level 5 in Necromancy
 14920 | D:11     | Reached skill level 5 in Transmutations
 14920 | D:11     | Reached skill level 5 in Fire Magic
 14920 | D:11     | Reached skill level 5 in Ice Magic
 14920 | D:11     | Reached skill level 5 in Air Magic
 14920 | D:11     | Reached skill level 5 in Earth Magic
 14920 | D:11     | Reached skill level 5 in Poison Magic
 14921 | D:11     | Found a flagged portal.
 14929 | Bailey   | Entered a bailey
 15297 | Bailey   | Noticed an orc knight
 15297 | Bailey   | Noticed an orc knight
 15297 | Bailey   | Noticed an orc knight
 15303 | Bailey   | Noticed an orc knight
 15304 | Bailey   | Killed an orc knight
 15306 | Bailey   | Killed an orc knight
 15307 | Bailey   | Killed an orc knight
 15313 | Bailey   | Killed an orc knight
 15543 | Bailey   | Noticed an orc knight
 15566 | Bailey   | Killed an orc knight
 15576 | Bailey   | Noticed an orc knight
 15616 | Bailey   | Killed an orc knight
 15812 | Bailey   | Identified a scroll of acquirement
 15824 | D:11     | Noticed Fannar
 15831 | D:11     | Killed Fannar
 15957 | D:11     | Learned a level 3 spell: Ozocubu's Armour
 15982 | D:11     | Found a staircase to the Lair.
 16172 | D:11     | Noticed a two-headed ogre
 16179 | D:11     | Killed a two-headed ogre
 16320 | D:11     | Reached XP level 12. HP: 89/89 MP: 25/25
 16333 | D:11     | Noticed a two-headed ogre
 16336 | D:11     | Killed a two-headed ogre
 16659 | D:11     | Reached *** piety under Ashenzari
 16904 | D:11     | Reached skill level 10 in Spellcasting
 17055 | D:11     | Found a staircase to the Orcish Mines.
 17642 | Lair:1   | Entered Level 1 of the Lair of Beasts
 17902 | Lair:1   | Reached **** piety under Ashenzari
 18576 | Lair:2   | Identified the amulet of the Nightingale {RegenMP rPois Stlth+}
 18837 | Lair:2   | Reached ***** piety under Ashenzari
 19312 | Lair:3   | Found a labyrinth entrance.
 19318 | Lab      | Entered a labyrinth
 19433 | Lab      | Noticed a minotaur
 19438 | Lab      | Killed a minotaur
 19959 | Lair:3   | Found a staircase to the Shoals.
 20102 | Lair:3   | Reached XP level 13. HP: 98/98 MP: 27/27
 21351 | Lair:4   | Found a staircase to the Snake Pit.
 22479 | Lair:5   | Noticed teukkam's ghost (novice TrMo)
 22499 | Lair:5   | Killed teukkam's ghost
 22548 | Lair:5   | Found a dark tunnel.
 22552 | Volcano  | Entered a volcano
 23022 | Lair:5   | Learned a level 5 spell: Summon Forest
 23364 | Lair:5   | Reached XP level 14. HP: 106/106 MP: 22/29
 23569 | Lair:6   | Entered Level 6 of the Lair of Beasts
 23739 | Lair:6   | Reached skill level 10 in Dodging
 23767 | Lair:6   | Noticed Josephine
 23788 | Lair:6   | Killed Josephine
 24219 | Lair:6   | Reached skill level 10 in Stealth
 24386 | Lair:6   | Reached skill level 10 in Invocations
 25224 | Lair:6   | Identified the cursed +3 hand axe of the Extremes {vamp, rF- rN+ Str+3}
 25404 | Lair:6   | Found a viscous altar of Jiyva.
 25404 | Lair:6   | Found a staircase to the Slime Pits.
 25710 | Lair:6   | Reached XP level 15. HP: 103/114 MP: 30/30
 26099 | Orc:1    | Entered Level 1 of the Orcish Mines
 26350 | Orc:2    | Entered Level 2 of the Orcish Mines
 26518 | Orc:2    | Noticed an orc warlord
 26564 | Orc:2    | Killed an orc warlord
 26703 | Orc:2    | Found a roughly hewn altar of Beogh.
 26703 | Orc:2    | Noticed Blork the orc
 26709 | Orc:2    | Killed Blork the orc
 26727 | Orc:2    | Found Geguf's Jewellery Shop.
 26729 | Orc:2    | Found Azemanod's Antique Weapon Shop.
 26781 | Orc:2    | Found Kotial's General Store.
 26804 | Orc:2    | Bought the ring of the Mage {Wiz MR++ Int+3} for 672 gold pieces
 26804 | Orc:2    | Found the ring of the Mage {Wiz MR++ Int+3}
 26813 | Orc:2    | Found a staircase to the Elven Halls.
 26970 | Orc:2    | Found a roughly hewn altar of Beogh.
 27215 | Orc:2    | Found Heixt's Antique Armour Shop.
 27221 | Orc:2    | Bought a glowing cloak for 202 gold pieces
 27221 | Orc:2    | Bought a glowing cloak for 202 gold pieces
 28027 | D:12     | Noticed Snorg
 28032 | D:12     | Killed Snorg
 28333 | D:12     | Reached ****** piety under Ashenzari
 28610 | D:12     | Learned a level 6 spell: Invisibility
 29047 | D:12     | Noticed Harold
 29065 | D:12     | Killed Harold
 29166 | D:13     | Found a gate to the Vaults.
 29350 | D:13     | Reached skill level 10 in Fighting
 29350 | D:13     | Reached skill level 10 in Short Blades
 29350 | D:13     | Reached skill level 10 in Long Blades
 29350 | D:13     | Reached skill level 10 in Axes
 29350 | D:13     | Reached skill level 10 in Maces & Flails
 29350 | D:13     | Reached skill level 10 in Polearms
 29350 | D:13     | Reached skill level 10 in Staves
 29350 | D:13     | Reached skill level 10 in Slings
 29350 | D:13     | Reached skill level 10 in Bows
 29350 | D:13     | Reached skill level 10 in Crossbows
 29350 | D:13     | Reached skill level 10 in Throwing
 29350 | D:13     | Reached skill level 10 in Armour
 29350 | D:13     | Reached skill level 10 in Shields
 29350 | D:13     | Reached skill level 10 in Unarmed Combat
 29350 | D:13     | Reached skill level 10 in Evocations
 30969 | D:14     | Reached XP level 16. HP: 122/122 MP: 17/32
 31494 | D:15     | Entered Level 15 of the Dungeon
 32204 | D:15     | Found a staircase to the Depths.
 33195 | Snake:1  | Entered Level 1 of the Snake Pit
 33617 | Snake:1  | Learned a level 4 spell: Summon Lightning Spire
 33797 | Snake:1  | Found a sparkling altar of Nemelex Xobeh.
 33964 | Snake:1  | Identified the +6 battleaxe of the Pariah {vamp, rPois Int+7 SInv}
 34871 | Snake:2  | Found Voozxonere's Distillery.
 35282 | Snake:2  | Reached XP level 17. HP: 117/131 MP: 13/33
 35477 | Snake:2  | Noticed Donald
 35489 | Snake:2  | Killed Donald
 37326 | Snake:4  | Entered Level 4 of the Snake Pit
 37388 | Snake:4  | Noticed Aizul
 37395 | Snake:4  | Reached skill level 10 in Conjurations
 37395 | Snake:4  | Reached skill level 10 in Summonings
 37395 | Snake:4  | Reached skill level 10 in Translocations
 37402 | Snake:4  | Killed Aizul
 38272 | Snake:4  | Got a serpentine rune of Zot
 38798 | Snake:4  | Noticed Bai Suzhen
 38810 | Snake:4  | Killed Bai Suzhen
 38836 | Snake:4  | Reached skill level 10 in Hexes
 38836 | Snake:4  | Reached skill level 10 in Charms
 38836 | Snake:4  | Reached skill level 10 in Necromancy
 38836 | Snake:4  | Reached skill level 10 in Transmutations
 38836 | Snake:4  | Reached skill level 10 in Fire Magic
 38836 | Snake:4  | Reached skill level 10 in Ice Magic
 38836 | Snake:4  | Reached skill level 10 in Air Magic
 38836 | Snake:4  | Reached skill level 10 in Earth Magic
 38836 | Snake:4  | Reached skill level 10 in Poison Magic
 39085 | Snake:4  | Learned a level 7 spell: Summon Hydra
 39547 | Shoals:1 | Entered Level 1 of the Shoals
 39706 | Shoals:1 | Reached XP level 18. HP: 139/139 MP: 26/35
 39962 | Shoals:1 | Found Usur's Armour Boutique.
 39988 | Shoals:1 | Bought the +4 robe of Augmentation {Str+4 Int+4 Dex+4} for 899 gold pieces
 39988 | Shoals:1 | Found the +4 robe of Augmentation {Str+4 Int+4 Dex+4}
 40888 | Shoals:2 | Found a flickering gateway to a bazaar.
 40896 | Bazaar   | Entered a bazaar
 41008 | Bazaar   | Found Wiomp's Jewellery Boutique.
 41026 | Bazaar   | Found Quofunill's Book Emporium.
 41043 | Bazaar   | Found Zuibiany's Book Boutique.
 41060 | Bazaar   | Found Raxaoh's Assorted Antiques.
 41113 | Bazaar   | Bought a book of Power for 855 gold pieces
 41129 | Bazaar   | Bought a book of the Sky for 715 gold pieces
 41569 | Shoals:3 | Identified the +2 buckler of Hadjma {rCorr Str+5 Dex+9 Stlth-}
 42694 | Shoals:4 | Entered Level 4 of the Shoals
 43181 | Shoals:4 | Noticed Ilsuiw
 43785 | Shoals:4 | Killed Ilsuiw
 44611 | Shoals:4 | Got a barnacled rune of Zot
 45839 | Vaults:1 | Entered Level 1 of the Vaults
 46203 | Vaults:1 | Reached XP level 19. HP: 144/147 MP: 14/36
 46768 | Vaults:1 | Identified the cursed +0 hand axe "Alaukaff" {chop, rElec rPois MR+ Int-4}
 48973 | Vaults:2 | Found Jafeopp's Book Shoppe.
 49043 | Vaults:2 | Found a ruined gateway.
 49078 | Desolati | Entered the Desolation of Salt
 49387 | Desolati | Identified the +5 ring mail "Didasaih" {rPois Int+8 Stlth-}
 49387 | Desolati | Found the +2 ratskin cloak {+Rats rPois rN+ Str-1 Int-1 Dex+1}
 49391 | Desolati | Identified the +0 dire flail "Ileuseta" {vamp, Str+9 Dex-2}
 49426 | Desolati | Identified the Incunabulum of Philately
 49521 | Desolati | Identified the +1 plate armour "Veamiox" {rCorr Str+6}
 49549 | Desolati | Reached XP level 20. HP: 72/155 MP: 3/38
 49666 | Desolati | Learned a level 6 spell: Iron Shot
 49710 | Desolati | Identified the +0 hand crossbow of the Poles {velocity, rC+ rN+ Int-2}
 49710 | Desolati | Identified the +7 dagger of Xuises {pierce, rN+}
 49989 | Desolati | Identified the +5 fustibalus "Wyaqimp" {velocity, MR+}
 49989 | Desolati | Identified the +7 longbow of Frustration {flame, rF+ Dex+4 Stlth+}
 49992 | Desolati | Identified the +0 robe "Jegeiq" {rF++ rCorr}
 49992 | Desolati | Found the +3 Elemental Staff {rElec rF++ rC++ MR++ AC+5}
 49994 | Desolati | Found the +0 sword of Power
 49999 | Desolati | Identified the Handbook of Igneous Air
 52785 | Vaults:3 | Found a staircase to the Crypt.
 52785 | Vaults:3 | Found an ancient bone altar of Kikubaaqudgha.
 52786 | Vaults:3 | Found a basalt altar of Yredelemnul.
 52855 | Vaults:3 | Identified the Handbook of the Arsonist
 54333 | Vaults:3 | Reached XP level 21. HP: 163/163 MP: 22/39
 54636 | Vaults:4 | Reached skill level 15 in Spellcasting
 55201 | Vaults:4 | Learned a level 6 spell: Conjure Ball Lightning
 56096 | Vaults:4 | Found Esiffo's Jewellery Boutique.
 56464 | Vaults:5 | Entered Level 5 of the Vaults
 56466 | Vaults:5 | Reached skill level 15 in Invocations
 56888 | Elf:1    | Entered Level 1 of the Elven Halls
 56905 | Elf:1    | Noticed Agnes
 56908 | Elf:1    | Killed Agnes
 57164 | Elf:1    | Identified the Disquisition on Creation
 58149 | Elf:1    | Found Utuygrac's Gadget Shoppe.
 58151 | Elf:1    | Found Daublyv's Jewellery Boutique.
 58154 | Elf:1    | Reached XP level 22. HP: 169/172 MP: 19/41
 58157 | Elf:1    | Found Hoiqogat's Gadget Shoppe.
 58718 | Elf:2    | Found a runed gate.
 58718 | Elf:2    | Found a runed gate.
 58718 | Elf:2    | Found a runed gate.
 58851 | Elf:2    | Identified the cursed amulet "Qeikk" {+Rage +Inv rElec} (You acquired it on level 2 of the Elven Halls)
 58954 | Elf:2    | Found a portal to a secret trove of treasure.
 59474 | Vaults:5 | Noticed a golden dragon
 59847 | Vaults:5 | Killed a golden dragon
 59856 | Vaults:5 | Reached skill level 15 in Dodging
 60207 | Vaults:5 | Identified the ring of Ephemeral Luck {rPois Int+3} (You took it off a vault sentinel on level 5 of the Vaults)
 60231 | Vaults:5 | Reached skill level 15 in Stealth
 60282 | Vaults:5 | Identified the cursed +3 trident of the Pit {flame, +Inv rC+++ Str+6 Int-5} (You took it off an ogre mage on level 5 of the Vaults)
 60447 | Vaults:5 | Identified the +0 arbalest of Honesty {flame, -Tele *Slow +Inv +Fly rF+++} (You took it off a vault warden on level 5 of the Vaults)
 60547 | Vaults:5 | Got a silver rune of Zot
 61100 | Depths:1 | Entered Level 1 of the Depths
 61241 | Depths:1 | Reached XP level 23. HP: 179/179 MP: 13/42
 61255 | Depths:1 | Noticed a juggernaut
 61272 | Depths:1 | Killed a juggernaut
 61375 | Depths:1 | Learned a level 5 spell: Iskenderun's Battlesphere
 61898 | Depths:1 | Found a gateway to a ziggurat.
 61953 | Depths:1 | Found the +8 Wrath of Trog {antimagic, *Rage}
 61993 | Depths:1 | Found a gateway to Hell.
 62602 | Depths:2 | Reached skill level 15 in Fighting
 62602 | Depths:2 | Reached skill level 15 in Short Blades
 62602 | Depths:2 | Reached skill level 15 in Long Blades
 62602 | Depths:2 | Reached skill level 15 in Axes
 62602 | Depths:2 | Reached skill level 15 in Maces & Flails
 62602 | Depths:2 | Reached skill level 15 in Polearms
 62602 | Depths:2 | Reached skill level 15 in Staves
 62602 | Depths:2 | Reached skill level 15 in Slings
 62602 | Depths:2 | Reached skill level 15 in Bows
 62602 | Depths:2 | Reached skill level 15 in Crossbows
 62602 | Depths:2 | Reached skill level 15 in Throwing
 62602 | Depths:2 | Reached skill level 15 in Armour
 62602 | Depths:2 | Reached skill level 15 in Shields
 62602 | Depths:2 | Reached skill level 15 in Unarmed Combat
 62602 | Depths:2 | Reached skill level 15 in Evocations
 62778 | Depths:2 | Identified the +8 long sword "Lenodwomeh" {slice, rPois Str+7} (You took it off a frost giant on level 2 of the Depths)
 64077 | Depths:3 | Noticed Mennas
 64083 | Depths:3 | Reached XP level 24. HP: 93/189 MP: 2/43
 64359 | Depths:2 | Noticed a caustic shrike
 64365 | Depths:2 | Killed a caustic shrike
 64446 | Depths:2 | Killed Mennas
 65037 | Depths:3 | Found a one-way gate leading to the halls of Pandemonium.
 65669 | Depths:4 | Found a one-way gate to the infinite horrors of the Abyss.
 65716 | Depths:4 | Found Peryal's Weapon Boutique.
 66753 | Depths:5 | Entered Level 5 of the Depths
 67097 | Depths:5 | Noticed Jorgrun
 67108 | Depths:5 | Found a magical portal.
 67148 | Depths:5 | Killed Jorgrun
 67930 | Depths:4 | Gained mutation: You tend to lose your temper in combat. [mutagenic glow]
 67981 | Depths:4 | Gained mutation: You often lose your temper in combat. [mutagenic glow]
 68257 | Depths:5 | Reached XP level 25. HP: 165/197 MP: 26/43
 68400 | Depths:5 | Found a gate to the Realm of Zot.
 68578 | Depths:5 | Gained mutation: Your spells are a little easier to cast, but a little less powerful. [mutagenic glow]
 68822 | Depths:5 | Noticed the Enchantress
 68870 | Depths:5 | Killed the Enchantress
 68870 | Depths:5 | Identified the +2 faerie dragon scales {rCorr Dex+3} (You took it off the Enchantress on level 5 of the Depths)
 69804 | Zot:1    | Entered Level 1 of the Realm of Zot
 69922 | Zot:1    | Noticed an orb of fire
 69931 | Zot:1    | Gained mutation: You are occasionally teleported next to monsters. [an orb of fire]
 69932 | Zot:1    | Killed an orb of fire
 69952 | Zot:1    | Gained mutation: You expend magic power (3 MP) to strengthen your wands. [mutagenic glow]
 70314 | Depths:5 | Lost mutation: You often lose your temper in combat. [potion of mutation]
 70314 | Depths:5 | Lost mutation: You expend magic power (3 MP) to strengthen your wands. [potion of mutation]
 70314 | Depths:5 | Lost mutation: You are occasionally teleported next to monsters. [potion of mutation]
 70314 | Depths:5 | Gained mutation: Your magical capacity is low. (-10% MP) [potion of mutation]
 70314 | Depths:5 | Gained mutation: You are resistant to hostile enchantments. (MR+) [potion of mutation]
 70314 | Depths:5 | Gained mutation: You are somewhat resistant to further mutation. [potion of mutation]
 70315 | Depths:5 | Lost mutation: You are resistant to hostile enchantments. (MR+) [potion of mutation]
 70316 | Depths:5 | Lost mutation: Your magical capacity is low. (-10% MP) [potion of mutation]
 70316 | Depths:5 | Lost mutation: You tend to lose your temper in combat. [potion of mutation]
 70316 | Depths:5 | Gained mutation: You occasionally shout uncontrollably at your foes. [potion of mutation]
 70343 | Depths:5 | HP: 6/197 [electric golem (7)]
 70343 | Depths:5 | Slain by an electric golem

Skill      XL: |  1  2  3  4  5  6  7  8  9 10 11 12 13 14 15 16 17 18 19 20 21 22 23 24 25 |
---------------+----------------------------------------------------------------------------+-----
Conjurations   | 2 3 4 5 6 7 8 9 10 11 12 13 14 | 14.1
Summonings     | 2 3 4 5 6 7 8 9 10 11 12 13 14 | 14.1
Translocations | 2 3 4 5 6 7 8 9 10 11 12 13 14 | 14.1
Invocations    | 1 2 3 4 5 6 7 8 9 10 11 12 13 14 15 16 17 | 17.4
Fighting       | 1 2 3 4 5 6 7 8 9 10 11 12 13 14 15 16 | 16.1
Short Blades   | 1 2 3 4 5 6 7 8 9 10 11 12 13 14 15 16 | 16.1
Long Blades    | 1 2 3 4 5 6 7 8 9 10 11 12 13 14 15 16 | 16.1
Axes           | 1 2 3 4 5 6 7 8 9 10 11 12 13 14 15 16 | 16.1
Maces & Flails | 1 2 3 4 5 6 7 8 9 10 11 12 13 14 15 16 | 16.1
Polearms       | 1 2 3 4 5 6 7 8 9 10 11 12 13 14 15 16 | 16.1
Staves         | 1 2 3 4 5 6 7 8 9 10 11 12 13 14 15 16 | 16.1
Slings         | 1 2 3 4 5 6 7 8 9 10 11 12 13 14 15 16 | 16.1
Bows           | 1 2 3 4 5 6 7 8 9 10 11 12 13 14 15 16 | 16.1
Crossbows      | 1 2 3 4 5 6 7 8 9 10 11 12 13 14 15 16 | 16.1
Throwing       | 1 2 3 4 5 6 7 8 9 10 11 12 13 14 15 16 | 16.1
Armour         | 1 2 3 4 5 6 7 8 9 10 11 12 13 14 15 16 | 16.1
Shields        | 1 2 3 4 5 6 7 8 9 10 11 12 13 14 15 16 | 16.1
Unarmed Combat | 1 2 3 4 5 6 7 8 9 10 11 12 13 14 15 16 | 16.1
Evocations     | 1 2 3 4 5 6 7 8 9 10 11 12 13 14 15 16 | 16.1
Hexes          | 1 2 3 4 5 6 7 8 9 10 11 12 13 | 13.9
Charms         | 1 2 3 4 5 6 7 8 9 10 11 12 13 | 13.9
Necromancy     | 1 2 3 4 5 6 7 8 9 10 11 12 13 | 13.9
Transmutations | 1 2 3 4 5 6 7 8 9 10 11 12 13 | 13.9
Fire Magic     | 1 2 3 4 5 6 7 8 9 10 11 12 13 | 13.9
Ice Magic      | 1 2 3 4 5 6 7 8 9 10 11 12 13 | 13.9
Air Magic      | 1 2 3 4 5 6 7 8 9 10 11 12 13 | 13.9
Earth Magic    | 1 2 3 4 5 6 7 8 9 10 11 12 13 | 13.9
Poison Magic   | 1 2 3 4 5 6 7 8 9 10 11 12 13 | 13.9
Dodging        | 5 6 7 8 9 10 11 12 13 14 15 16 | 16.6
Stealth        | 5 6 7 8 9 10 11 12 13 14 15 16 | 16.5
Spellcasting   | 8 9 10 11 12 13 14 15 16 17 | 17.3

Action                   |  1- 3 |  4- 6 |  7- 9 | 10-12 | 13-15 | 16-18 | 19-21 | 22-24 | 25-27 || total
-------------------------+-------+-------+-------+-------+-------+-------+-------+-------+-------++-------
Melee: Dagger            |       |    30 |     5 |       |       |       |       |       |       ||    35
       Bite              |       |     2 |     2 |     9 |    42 |    16 |    60 |   102 |    14 ||   247
       Unarmed           |       |     6 |       |       |       |       |       |       |       ||     6
       Halberd           |       |       |    56 |       |       |       |       |       |       ||    56
       Scimitar          |       |       |    20 |    91 |   194 |   139 |    89 |       |       ||   533
       Spear             |       |       |     2 |       |       |       |       |       |       ||     2
       Staff             |       |       |       |       |       |       |   229 |   430 |    53 ||   712
 Cast: Magic Dart        |   103 |   141 |   478 |    35 |       |       |       |       |       ||   757
       Mephitic Cloud    |       |     5 |     6 |     1 |       |       |       |       |       ||    12
       Call Imp          |       |     5 |    33 |     1 |       |       |       |       |       ||    39
       Conjure Flame     |       |     1 |    19 |     2 |       |       |       |       |       ||    22
       Blink             |       |       |     1 |     1 |     2 |     1 |     1 |     2 |     1 ||     9
       Throw Icicle      |       |       |       |   218 |   528 |   651 |   184 |       |       ||  1581
       Borgnjor's Vile C |       |       |       |    36 |    35 |    57 |    47 |     3 |     9 ||   187
       Summon Forest     |       |       |       |     1 |    18 |    23 |    16 |     5 |     3 ||    66
       Summon Ice Beast  |       |       |       |    24 |    11 |     5 |       |       |       ||    40
       Ozocubu's Armour  |       |       |       |     1 |     4 |       |       |       |       ||     5
       Summon Butterflie |       |       |       |     1 |       |       |       |       |       ||     1
       Apportation       |       |       |       |       |     1 |     1 |       |       |       ||     2
       Summon Lightning  |       |       |       |       |       |    25 |     3 |    10 |       ||    38
       Summon Hydra      |       |       |       |       |       |    27 |    19 |     7 |     3 ||    56
       Invisibility      |       |       |       |       |       |     2 |     2 |     5 |     6 ||    15
       Iron Shot         |       |       |       |       |       |       |   299 |   450 |    83 ||   832
       Conjure Ball Ligh |       |       |       |       |       |       |    16 |    35 |     9 ||    60
       Iskenderun's Batt |       |       |       |       |       |       |       |    26 |     1 ||    27
Invok: Curse Item        |       |       |     4 |     3 |     3 |     3 |     2 |       |       ||    15
Evoke: Wand              |       |       |       |       |     2 |       |       |     2 |       ||     4
       Lamp of fire      |       |       |       |       |     1 |       |       |       |       ||     1
       Crystal ball of e |       |       |       |       |       |     4 |    18 |    66 |    21 ||   109
       Box of beasts     |       |       |       |       |       |       |       |     1 |       ||     1
  Use: Scroll            |       |     6 |     6 |     8 |    15 |     9 |     6 |    10 |       ||    60
       Potion            |       |     5 |     8 |       |     1 |       |     5 |    10 |     4 ||    33
 Stab: Confused          |       |     2 |     1 |       |       |       |       |       |       ||     3
       Sleeping          |       |       |       |     1 |       |       |     1 |     2 |       ||     4
       Invisible         |       |       |       |       |       |     2 |     3 |    21 |     2 ||    28
       Distracted        |       |       |       |       |       |     1 |     5 |     3 |     3 ||    12
  Eat: Chunk             |     2 |     7 |    12 |    31 |    33 |    34 |    30 |    16 |       ||   165
       Ration            |       |       |     3 |     1 |     1 |     6 |     9 |     9 |       ||    29
Armor: Robe              |       |     2 |    18 |     7 |       |       |       |       |       ||    27
       Troll leather arm |       |       |       |    20 |    12 |       |       |       |       ||    32
       Fire dragon scale |       |       |       |       |    80 |   168 |   137 |   243 |   118 ||   746
Dodge: Dodged            |     7 |    60 |   189 |   115 |   162 |   249 |   302 |   585 |   197 ||  1866
       Deflected         |       |       |       |       |       |    10 |       |       |       ||    10
Block: Buckler           |       |       |    13 |    44 |   106 |   215 |   212 |   383 |   127 ||  1100
       Rpst.: Scimitar   |       |       |    14 |    31 |    38 |    33 |    33 |       |       ||   149
